 Dungeon Crawl Stone Soup version 0.28-a0-919-g0b5b508569 (webtiles) character file.

Game seed: 9515802312695554216

478 enile the Skirmisher (level 7, -2/63 HPs)
             Began as a Hill Orc Cinder Acolyte on Nov 26, 2021.
             Was an Initiate of Beogh.
             Slain by an ogre (23 damage)
             ... on level 5 of the Dungeon.
             The game lasted 00:08:28 (4444 turns).

enile the Skirmisher (Hill Orc Cinder Acolyte)      Turns: 4444, Time: 00:08:36

Health: -2/63      AC:  7    Str: 19    XL:     7   Next: 11%
Magic:  0/9        EV: 13    Int: 14    God:    Beogh [......]
Gold:   160        SH:  0    Dex:  6    Spells: 6/8 levels left

rFire   . . .      SeeInvis .   a - -1 hand axe (flame)
rCold   . . .      Faith    .   (no shield)
rNeg    . . .      Spirit   +   m - +0 scale mail
rPois   .          Reflect  .   (no helmet)
rElec   .          Harm     .   (no cloak)
rCorr   .          Rampage  .   (no gloves)
Will    .....                   (no boots)
Stlth   ..........              o - amulet of guardian spirit
HPRegen 0.20/turn               f - +4 ring of evasion
MPRegen 0.11/turn               (no ring)

@: flying, fire susceptible
A: no striking features
a: Renounce Religion


You were on level 5 of the Dungeon.
You worshipped Beogh.
Beogh was noncommittal.
You visited 1 branch of the dungeon, and saw 5 of its levels.

You collected 160 gold pieces.

Inventory:

Hand Weapons
 a - a -1 hand axe of flaming (weapon)
Missiles
 n - 114 stones (quivered)
Armour
 b - a +0 robe
 h - a +0 helmet
 m - a +0 scale mail (worn)
 r - a +2 robe of willpower
 t - a +0 chain mail
Jewellery
 f - a +4 ring of evasion (left hand)
 o - an amulet of guardian spirit (around neck)
Wands
 u - a wand of digging (6)
Scrolls
 c - 2 scrolls of identify {unknown}
 d - 2 scrolls of teleportation {unknown}
 e - a scroll of magic mapping {unknown}
 g - a scroll of enchant weapon {unknown}
 k - 2 scrolls of enchant armour {unknown}
 p - 3 scrolls of noise {unknown}
 v - a scroll of vulnerability {unknown}
Potions
 j - a potion of curing
 l - 2 potions of degeneration {unknown}
 q - a potion of heal wounds
 s - 3 potions of lignification {unknown}


   Skills:
 - Level 6.0 Fighting
 + Level 5.2 Axes
 - Level 5.0 Armour
 - Level 1.4 Spellcasting
 - Level 4.0 Fire Magic


You had 6 spell levels left.
You knew the following spells:

 Your Spells              Type           Power      Damage    Failure   Level
a - Scorch                Fire           24%        2d6       21%         2

Your spell library contained the following spells:

 Spells                   Type           Power      Damage    Failure   Level
 Olgreb's Toxic Radiance  Pois           1%         N/A       100%        4
 Ozocubu's Refrigeration  Ice            0%         4d5       100%        7
 Ignition                 Fire           6%         3d4       100%        8


Dungeon Overview and Level Annotations

Branches:
Dungeon (5/15)
 Temple: D:4-7

Altars:
Cheibriados
Fedhas
Gozag
Hepliaklqana
Uskayaw
Xom


Message History

With a roar of approval, the orcs welcome you as one of their own, and spare your life.
An orc wizard and an ogre come into view.
The orc wizard shouts!
An orc comes into view. It is wielding a +0 club.
The orc shouts!
The orc wizard casts a spell at you. The puff of flame hits you.
The orc wizard gestures wildly while chanting.
The orc wizard flickers and vanishes!
Deactivating autopickup; reactivate with Ctrl-A.
The orc barely misses something.
The orc closely misses the orc.
You see here a scroll labelled JIERHI DOTHE.
v - a scroll labelled JIERHI DOTHE Throw: 115 stones
Press: ? - help, Q - select action, (/) - cycle Shift-Dir - straight line, f - ogre
Aim: an ogre, wielding a +0 giant spiked club (72% to hit)
You throw a stone. The stone hits the ogre.
The ogre is lightly wounded.
You hit the ogre but do no damage.
The ogre is lightly wounded.
The ogre hits you with a +0 giant spiked club!
Okay, then.
You hit the ogre. You burn the ogre.
The ogre is moderately wounded.
You barely miss something.
You hear some strange, mumbled words.
A puff of flame appears from out of thin air!
The puff of flame hits you.
The ogre hits you with a +0 giant spiked club!
It was a potion of flight.
You feel very buoyant.
You fly up into the air.
Something hits you but does no damage.
The ogre hits you with a +0 giant spiked club!!
You hit the orc. You burn the orc.
The orc is heavily wounded.
You hit the ogre but do no damage. You miss something.
The orc barely misses you. Something hits you but does no damage.
The orc priest closely misses something.
The ogre hits you with a +0 giant spiked club!!
You die...

############.
#....o...)...
#...@O.......
#....{.o....#
#...o....?...
#..<.......##
############


You could see an ogre, an orc, a neutral orc priest (wandering) and a neutral
orc (wandering).

Vanquished Creatures
  Duvessa (D:4)
  An ogre (D:4)
  A phantom (D:4)
  A scorpion (D:4)
  Dowan (D:4)
  2 adders
  An adder skeleton (D:4)
  A worm (D:4)
  4 dart slugs
  2 orcs
  8 bats
  4 endoplasms
  2 giant cockroaches
  8 goblins
  7 hobgoblins
  7 jackals
  7 quokkas
  9 ball pythons
  A frilled lizard (D:3)
  3 kobolds
  4 rats
75 creatures vanquished.

Vanquished Creatures (others)
  32 foxfires (D:4)
32 creatures vanquished.

Grand Total: 107 creatures vanquished

Notes
Turn   | Place    | Note
-------+----------+-------------------------------------------
     0 | D:1      | enile the Hill Orc Cinder Acolyte began the quest for the
                  | Orb.
     0 | D:1      | Reached XP level 1. HP: 19/19 MP: 2/2
    88 | D:1      | Reached skill level 4 in Fighting
    93 | D:1      | Reached XP level 2. HP: 27/27 MP: 3/3
   357 | D:1      | Learned a level 2 spell: Scorch
   665 | D:1      | Reached XP level 3. HP: 35/35 MP: 1/4
   668 | D:1      | Reached skill level 5 in Fighting
  1539 | D:2      | Found a faded altar of an unknown god.
  1734 | D:2      | Reached XP level 4. HP: 32/42 MP: 6/6
  2366 | D:3      | Reached skill level 1 in Armour
  2742 | D:3      | Found an opulent altar of Gozag.
  2934 | D:4      | Found a shimmering altar of Xom.
  2937 | D:4      | Noticed Duvessa
  2937 | D:4      | Noticed Dowan
  3313 | D:4      | Found a hide-covered altar of Uskayaw.
  3361 | D:4      | Found a blossoming altar of Fedhas.
  3367 | D:4      | Noticed a phantom
  3383 | D:4      | Found a snail-covered altar of Cheibriados.
  3396 | D:4      | Killed a phantom
  3397 | D:4      | Reached XP level 5. HP: 24/48 MP: 3/7
  3829 | D:4      | Killed Duvessa
  3830 | D:4      | Reached skill level 5 in Armour
  3830 | D:4      | Reached XP level 6. HP: 36/56 MP: 1/8
  3832 | D:4      | Killed Dowan
  3964 | D:4      | Found a hazy altar of Hepliaklqana.
  3998 | D:4      | Reached skill level 6 in Fighting
  4024 | D:4      | Reached skill level 5 in Axes
  4024 | D:4      | Reached XP level 7. HP: 22/63 MP: 4/9
  4432 | D:5      | Entered Level 5 of the Dungeon
  4433 | D:5      | Fell from the grace of Ignis
  4433 | D:5      | Became a worshipper of Beogh the Brigand
  4444 | D:5      | Slain by an ogre

Illustrated notes

Levels and vault maps discovered:
D:1:      roderic_dead_forest, layout_rooms
D:2:      layout_loops_ring, nicolae_ecumenical_snake_handling
D:3:      layout_loops_cross, mainiacjoe_overflow_cross_hatched, feat_on_display
D:4:      layout_loops_ring, mainiacjoe_overflow_large_starburst,
          xom_teletrap_fun, nicolae_uskayaw_dance_hall, general_overflow_altar,
          uniq_duvessa
D:5:      layout_rooms, nemelex_dance_club_becter, gup_sewer_entry_bubbles

Skill      XL: |  1  2  3  4  5  6 |
---------------+-------------------+-----
Fighting       | 4 5 6 |  6.0
Fire Magic     | 4 |  4.0
Armour         | 3 5 |  5.0
Axes           | 5 |  5.2
Spellcasting   | |  1.4

Action                   |  1- 3 |  4- 6 |  7- 9 || total
-------------------------+-------+-------+-------++-------
Melee: Hand axe          |   116 |   146 |     4 ||   266
Throw: Stone             |       |    10 |     1 ||    11
 Cast: Scorch            |     5 |     2 |       ||     7
Invok: Foxfire Swarm     |       |     5 |       ||     5
       Rising Flame      |       |     1 |       ||     1
       Convert to Beogh  |       |       |     1 ||     1
  Use: Potion            |       |     4 |     1 ||     5
Armor: Robe              |    26 |    15 |       ||    41
       Scale mail        |       |    13 |     2 ||    15
Dodge: Dodged            |   101 |   138 |     1 ||   240

Table legend: (Time is in decaauts)
 A = Elapsed time spent in this place.
 B = Non-inter-level travel time spent in this place.
 C = Inter-level travel time spent in this place.
 D = Time resting spent in this place.
 E = Time spent auto-exploring this place.
 F = Levels seen in this place.
 G = Mean time per level.
                   A        B        C        D        E       F      G
               +--------+--------+--------+--------+--------+-----+--------+
         Total |   4470 |   4382 |     88 |    268 |   3488 |   5 |  894.0 |
       Dungeon |   4470 |   4382 |     88 |    268 |   3488 |   5 |  894.0 |
               +--------+--------+--------+--------+--------+-----+--------+

Top non-repeatable levels by time:
     D:3: 1291 daAuts
     D:4: 1231 daAuts
     D:1: 1020 daAuts
     D:2: 914 daAuts
     D:5: 11 daAuts
